 Dungeon Crawl Stone Soup version 0.20-a0-864-g92acfd1 (webtiles) character file.

13537 nubinia the Thaumaturge (level 11, -11/57 HPs)
             Began as a Deep Elf Ice Elementalist on Mar 12, 2017.
             Was a High Priest of Sif Muna.
             Mangled by a komodo dragon (29 damage)
             ... on level 2 of the Lair of Beasts.
             The game lasted 01:25:42 (18776 turns).

nubinia the Thaumaturge (DEIE)                     Turns: 18776, Time: 01:25:43

Health: -11/57     AC: 12    Str:  5    XL:     11   Next: 76%
Magic:  30/30      EV: 17    Int: 22    God:    Sif Muna [*****.]
Gold:   474        SH:  4    Dex: 17    Spells: 16/37 levels left

rFire    + . .     SeeInvis .   f - +3 dagger (freeze)
rCold    + . .     Gourm    .   M - +2 robe {MR+}
rNeg     . . .     Faith    .   t - +0 buckler
rPois    .         Spirit   .   w - +2 hat
rElec    .         Reflect  .   r - scarf {rC+ rF+}
rCorr    .         Harm     .   y - +1 pair of gloves
MR       ++...                  S - +0 pair of boots
Stlth    +++.......             (no amulet)
Regen    0.2/turn               L - +3 ring of protection
MPRegen  0.3/turn               j - +3 ring of evasion

@: divine energy
A: no striking features
a: Stop Divine Energy, Channel Magic, Forget Spell, Renounce Religion


You were on level 2 of the Lair of Beasts.
You worshipped Sif Muna.
Sif Muna was extremely pleased with you.
You were not hungry.

You visited 3 branches of the dungeon, and saw 12 of its levels.
You also visited: Ossuary.

You collected 474 gold pieces.

Inventory:

Hand Weapons
 e - a +0 dagger
 f - a +3 dagger of freezing (weapon)
 E - a +0 short sword of venom
Armour
 a - a +0 robe
 r - a scarf of resistance (worn)
 t - a +0 buckler (worn)
 w - a +2 hat (worn)
 y - a +1 pair of gloves (worn)
 A - a scarf of repulsion
 C - a +0 cloak
 M - a +2 robe of magic resistance (worn)
 S - a +0 pair of boots (worn)
Jewellery
 j - a +3 ring of evasion (left hand)
 L - a +3 ring of protection (right hand)
 P - an uncursed ring of protection from fire
Wands
 h - a wand of confusion (45/48)
 p - a wand of iceblast (8/15)
 B - a wand of random effects (28/48)
 K - a wand of iceblast (2/15)
 O - a wand of lightning (6/15)
Scrolls
 g - 6 scrolls of remove curse
 i - 2 scrolls of amnesia
 m - 4 scrolls of teleportation
 u - 4 scrolls of identify
 J - a scroll of magic mapping
 N - a scroll of enchant armour
Potions
 c - a potion of invisibility
 k - 3 potions of berserk rage
 l - 3 potions of heal wounds
 n - a potion of might
 o - a potion of magic
 q - a potion of mutation
 s - 5 potions of curing
 x - 2 potions of lignification
 z - a potion of resistance
 D - 3 potions of flight
Books
 b - a book of Frost

   Spells                             Type                      Level
   a - Freeze                         Ice                          1
   b - Throw Frost                    Conjuration/Ice              2
   c - Ozocubu's Armour               Charms/Ice                   3
   d - Throw Icicle                   Conjuration/Ice              4
   e - Summon Ice Beast               Ice/Summoning                4
 F - a book of Minor Magic

   Spells                             Type                      Level
   a - Magic Dart                     Conjuration                  1
   b - Blink                          Translocation                2
   c - Call Imp                       Summoning                    2
   d - Slow                           Hexes                        2
   e - Conjure Flame                  Conjuration/Fire             3
   f - Mephitic Cloud                 Conjuration/Poison/Air       3
 H - a book of Geomancy

   Spells                             Type                      Level
   a - Sandblast                      Earth                        1
   b - Passwall                       Transmutation/Earth          2
   c - Stone Arrow                    Conjuration/Earth            3
   d - Petrify                        Transmutation/Earth          4
   e - Lee's Rapid Deconstruction     Earth                        5
 Q - Sif Muna's Grimoire of Lightness and Attacks
   (Sif Muna gifted it to you on level 1 of the Lair of Beasts)

   Spells                             Type                      Level
   a - Shock                          Conjuration/Air              1
   b - Poisonous Vapours              Poison/Air                   2
   c - Bolt of Magma                  Conjuration/Fire/Earth       5
   d - Conjure Ball Lightning         Conjuration/Air              6
   e - Poison Arrow                   Conjuration/Poison           6
   f - Orb of Destruction             Conjuration                  7
Comestibles
 d - 19 royal jellies
 v - 5 meat rations
 I - a bread ration
 R - 4 fruits


   Skills:
 + Level 1.7 Fighting
 + Level 4.1 Short Blades
 + Level 4.7 Dodging
 - Level 5.8 Stealth
 * Level 13.8 Spellcasting
 * Level 7.5 Conjurations
 + Level 3.6 Charms
 + Level 6.2 Summonings
 * Level 11.5 Ice Magic
 + Level 1.1 Air Magic
 + Level 0.4 Poison Magic


You had 16 spell levels left.
You knew the following spells:

 Your Spells              Type           Power        Failure   Level  Hunger
a - Freeze                Ice            ####         1%          1    None
b - Throw Frost           Conj/Ice       ######       1%          2    None
c - Mephitic Cloud        Conj/Pois/Air  ####....     8%          3    None
d - Summon Ice Beast      Ice/Summ       ######..     1%          4    None
e - Magic Dart            Conj           ####         1%          1    None
f - Conjure Flame         Conj/Fire      ####....     6%          3    None
g - Throw Icicle          Conj/Ice       ######..     1%          4    None
o - Ozocubu's Armour      Chrm/Ice       #####...     1%          3    None


Dungeon Overview and Level Annotations

Branches:
Dungeon (9/15)             Temple (1/1) D:5            Lair (2/6) D:9
  Swamp: Lair:2-4    Shoals: Lair:2-4     Snake: Lair:2-4    Spider: Lair:2-4
    Orc: D:9-12

Altars:
Ashenzari
Cheibriados
Dithmenos
Elyvilon
Fedhas
Gozag
Hepliaklqana
Kikubaaqudgha
Makhleb
Nemelex Xobeh
Okawaru
Qazlal
Ru
Sif Muna
Trog
Uskayaw
Vehumet
Wu Jian
Xom
Yredelemnul
Zin
The Shining One

Shops:
D:7 :   D:9 *

Annotations:
D:3 George's ghost, amateur DsFi


Message History

The plant is almost destroyed.
You block the komodo dragon's attack.
You hit the plant but do no damage.
The plant is almost destroyed.
You block the komodo dragon's attack.
You hit the plant but do no damage.
The plant is almost destroyed.
The komodo dragon bites you!
You hit the plant but do no damage.
The plant is almost destroyed.
The komodo dragon bites you.
* * * LOW HITPOINT WARNING * * *
You hit the plant. You freeze the plant.
You destroy the plant!
You hit the plant but do no damage.
The komodo dragon bites you but does no damage.
You hit the plant but do no damage. The komodo dragon barely misses you.
You hit the plant but do no damage. The komodo dragon bites you!!
Ouch! That really hurt!
You die...

####...# #.............# #
###.# ######.###.P.## ###
### ###.## ##..# #...## ♣#
##...# ♣ ♣.###...## ### ♣P
### ##P♣♣#.....#####..
♣P###≈###@♣♣.....#..#.##..
♣.P♣≈♣.l♣P♣♣..####.......
♣P≈≈P♣♣.♣♣♣## #P......
♣≈≈♣♣P♣♣. #####.......
♣♣♣≈≈♣♣♣ ♣P #......#....
♣P≈≈≈♣ ♣####....#....
♣♣≈≈≈♣♣ ##...#.###P.
####♣♣♣♣♣.≈≈≈♣♣ ##...####
### .##[...♣♣♣≈≈≈P♣♣
##...##


You could see a komodo dragon.

Vanquished Creatures
  Pikel (D:4)
  An ugly thing (D:8)
  3 black mambas
  2 spiny frogs
  4 blink frogs (Lair:1)
  3 hippogriffs
  A yak (Lair:1)
  A basilisk (Lair:1)
  2 wyverns
  Grum (Lair:1)
  Edmund (D:4)
  An acid dragon (D:8)
  4 water moccasins
  A porcupine (Lair:1)
  A slave (D:4)
  2 orc warriors
  A sky beast (D:7)
  2 black bears
  3 ogres
  A phantom (D:8)
  2 wolves (Lair:1)
  5 centaurs
  3 crocodiles
  A big kobold (D:7)
  6 bullfrogs
  A gnoll sergeant (D:8)
  9 scorpions
  35 killer bees
  3 howler monkeys (D:9)
  2 bullfrog zombies
  3 crimson imps
  2 human zombies (Ossuary)
  6 centaur zombies
  5 orc priests
  A jelly (D:7)
  A bullfrog skeleton (D:5)
  A centaur skeleton (D:6)
  2 hounds
  6 orc wizards
  3 iguanas
  Terence (D:3)
  3 worker ants
  A big kobold zombie (Ossuary)
  A hound zombie (D:5)
  A hound skeleton (D:4)
  3 mummies (Ossuary)
  8 gnolls
  7 adders
  5 scorpion zombies (Ossuary)
  3 shadow imps
  2 oozes
  3 adder skeletons
  An adder zombie (D:5)
  A dart slug (D:1)
  4 leopard geckos
  16 orcs
  8 giant cockroaches
  5 goblins
  7 hobgoblins
  8 jackals
  7 kobolds
  3 quokkas
  11 bats
  4 frilled lizards
  2 goblin zombies (Ossuary)
  3 hobgoblin zombies (Ossuary)
  3 kobold zombies (Ossuary)
  A leopard gecko zombie (D:9)
  An orc zombie (Ossuary)
  A quokka skeleton (D:4)
  A quokka zombie (D:9)
  11 rats
  2 plants (Lair:2)
271 creatures vanquished.

Vanquished Creatures (collateral kills)
  Gastronok (Lair:1)
  A hydra (D:9)
  2 two-headed ogres (D:9)
  2 spiny frogs (Lair:1)
  Psyche (D:8)
  A queen bee (D:9)
  A hippogriff (Lair:1)
  2 yaks (Lair:1)
  A hungry ghost (Lair:1)
  A big kobold (D:9)
  5 killer bees (D:9)
  2 howler monkeys (D:9)
20 creatures vanquished.

Vanquished Creatures (others)
  A scorpion (Ossuary)
  2 centaur zombies (Ossuary)
  A fungus (Lair:1)
  A plant (Lair:1)
5 creatures vanquished.

Grand Total: 296 creatures vanquished

Notes
Turn   | Place    | Note
-------+----------+-------------------------------------------
     0 | D:1      | nubinia the Deep Elf Ice Elementalist began the quest for the Orb.
     0 | D:1      | Reached XP level 1. HP: 10/10 MP: 6/6
   369 | D:1      | Reached XP level 2. HP: 15/15 MP: 5/8
   398 | D:1      | Learned a level 2 spell: Throw Frost
   845 | D:1      | Reached XP level 3. HP: 19/19 MP: 8/10
   857 | D:1      | Learned a level 3 spell: Ozocubu's Armour
  1018 | D:1      | Reached skill level 4 in Spellcasting
  2039 | D:3      | Noticed George's ghost (amateur DsFi)
  2103 | D:3      | Reached XP level 4. HP: 15/24 MP: 7/12
  2350 | D:3      | Found a hazy altar of Hepliaklqana.
  2359 | D:3      | Found an ancient bone altar of Kikubaaqudgha.
  2992 | D:4      | Noticed Edmund
  3201 | D:4      | Noticed Pikel
  3201 | D:4      | Noticed a slave
  3201 | D:4      | Noticed a slave
  3204 | D:4      | Noticed a slave
  3232 | D:4      | Killed a slave
  3864 | D:3      | Noticed Terence
  3897 | D:3      | Killed Terence
  3897 | D:3      | Reached skill level 1 in Short Blades
  3897 | D:3      | Reached XP level 5. HP: 22/28 MP: 7/14
  4246 | D:4      | Found an opulent altar of Gozag.
  4750 | D:5      | Entered Level 5 of the Dungeon
  4756 | D:5      | Reached skill level 5 in Spellcasting
  4816 | D:5      | Learned a level 4 spell: Throw Icicle
  4821 | D:5      | Learned a level 4 spell: Summon Ice Beast
  4838 | D:5      | Noticed an ogre
  4914 | D:5      | Killed an ogre
  4914 | D:5      | Reached skill level 1 in Charms
  4914 | D:5      | Reached skill level 5 in Ice Magic
  4914 | D:5      | Reached XP level 6. HP: 32/32 MP: 3/15
  5271 | D:5      | Reached skill level 1 in Summonings
  5902 | D:5      | Found a staircase to the Ecumenical Temple.
  5913 | Temple   | Entered the Ecumenical Temple
  6006 | Temple   | Became a worshipper of Sif Muna the Loreminder
  6817 | D:6      | Found a sand-covered staircase.
  6943 | Ossuary  | Entered an ossuary
  7220 | Ossuary  | Reached XP level 7. HP: 36/37 MP: 17/17
  7340 | Ossuary  | Reached skill level 6 in Spellcasting
  7646 | Ossuary  | Reached skill level 1 in Fighting
  8572 | Ossuary  | Reached * piety under Sif Muna
  8886 | Ossuary  | Reached XP level 8. HP: 43/43 MP: 18/20
  9122 | D:6      | Found a basalt altar of Yredelemnul.
  9123 | D:6      | Found a shimmering altar of Xom.
  9136 | D:6      | Reached skill level 7 in Spellcasting
  9746 | D:7      | Learned a level 1 spell: Magic Dart
  9750 | D:7      | Learned a level 3 spell: Conjure Flame
  9754 | D:7      | Learned a level 3 spell: Mephitic Cloud
  9795 | D:7      | Found Pegab's Book Shoppe.
  9798 | D:7      | Reached ** piety under Sif Muna
  9820 | D:7      | Reached skill level 8 in Spellcasting
 10281 | D:7      | Reached XP level 9. HP: 47/47 MP: 13/23
 10338 | D:7      | You fall through a shaft for 2 floors!
 10885 | D:8      | Reached skill level 9 in Spellcasting
 11239 | D:8      | Found a glowing golden altar of the Shining One.
 11292 | D:8      | Noticed Psyche
 11309 | D:8      | Reached *** piety under Sif Muna
 11309 | D:8      | Reached skill level 5 in Stealth
 11750 | D:8      | Killed Psyche
 11750 | D:8      | Reached skill level 10 in Spellcasting
 11750 | D:8      | Reached skill level 5 in Conjurations
 11924 | D:8      | Noticed a white ugly thing
 12762 | D:8      | Killed a white ugly thing
 12762 | D:8      | Reached **** piety under Sif Muna
 12762 | D:8      | Reached skill level 5 in Summonings
 12762 | D:8      | Reached XP level 10. HP: 41/53 MP: 9/26
 13285 | D:9      | Noticed an eight-headed hydra
 13291 | D:9      | Noticed a two-headed ogre
 13292 | D:9      | Killed an eight-headed hydra
 13296 | D:9      | Noticed a two-headed ogre
 13297 | D:9      | Killed a two-headed ogre
 13297 | D:9      | Reached skill level 11 in Spellcasting
 14223 | D:9      | Found Jeitwof's Assorted Antiques.
 14390 | D:9      | Killed a two-headed ogre
 14390 | D:9      | Reached skill level 10 in Ice Magic
 14491 | D:9      | Found a staircase to the Lair.
 14615 | D:9      | Reached skill level 12 in Spellcasting
 14963 | Lair:1   | Entered Level 1 of the Lair of Beasts
 15257 | Lair:1   | Reached XP level 11. HP: 57/57 MP: 22/29
 15330 | Lair:1   | Noticed Gastronok
 15350 | Lair:1   | Killed Gastronok
 15350 | Lair:1   | Reached ***** piety under Sif Muna
 15350 | Lair:1   | Identified Sif Muna's Grimoire of Lightness and Attacks (Sif Muna gifted it to you on level 1 of the Lair of Beasts)
 15350 | Lair:1   | Received a gift from Sif Muna
 15500 | Lair:1   | Noticed Grum
 15523 | Lair:1   | Killed Grum
 15654 | Lair:1   | Reached skill level 1 in Air Magic
 16209 | Lair:1   | Reached skill level 13 in Spellcasting
 17168 | D:4      | Killed Edmund
 17241 | D:4      | Killed Pikel
 18776 | Lair:2   | Mangled by a komodo dragon

Vault maps used:
D:1:      onia_arrival_larder
D:3:      gammafunk_temple_overflow_pools, kennysheep_minor_cross, st_stairs_4,
          uniq_terence
D:4:      lemuel_crystal_altar, first_bread, uniq_pikel, uniq_edmund
D:5:      minmay_temple_entry_glass
D:6:      grunt_temple_overflow_open, lightli_ossuary_entry_decrepit_ruins
D:7:      black_bear_nest_1, serial_shops, shop
D:8:      tso_metal_star, david_nohive_1, wad_rectangle_vault, uniq_psyche
D:9:      lair_entry_dummy, special_room, serial_shops,
          nicolae_shop_behind_doors
Temple:   regret_index_temple_sphere_string
Lair:1:   uniq_grum, uniq_gastronok
Lair:2:   wad_woods_river_04
Ossuary:  ossuary_minmay_scorpions

Skill      XL: |  1  2  3  4  5  6  7  8  9 10 11 |
---------------+----------------------------------+-----
Spellcasting   | 4 5 6 8 10 12 13 | 13.8
Ice Magic      | 4 5 6 7 8 10 11 | 11.5
Stealth        | 3 4 5 |  5.8
Short Blades   | 1 2 3 4 |  4.1
Charms         | 1 2 3 |  3.6
Summonings     | 1 2 3 5 6 |  6.2
Dodging        | 3 4 |  4.7
Conjurations   | 2 3 5 6 7 |  7.5
Fighting       | 1 |  1.7
Air Magic      | 1 |  1.1
Poison Magic   | |  0.4

Action                   |  1- 3 |  4- 6 |  7- 9 | 10-12 || total
-------------------------+-------+-------+-------+-------++-------
Melee: Dagger            |    21 |   290 |   415 |   249 ||   975
 Cast: Freeze            |    40 |    65 |   104 |    86 ||   295
       Throw Frost       |     9 |    17 |    78 |    93 ||   197
       Ozocubu's Armour  |     3 |    13 |    21 |    25 ||    62
       Throw Icicle      |       |       |    15 |     4 ||    19
       Magic Dart        |       |       |    13 |    30 ||    43
       Mephitic Cloud    |       |       |     5 |    22 ||    27
       Summon Ice Beast  |       |       |     3 |    28 ||    31
       Conjure Flame     |       |       |     1 |     9 ||    10
Invok: Divine Energy     |       |       |     1 |       ||     1
  Use: Potion            |     2 |     2 |     1 |     4 ||     9
       Scroll            |     2 |     8 |     9 |     3 ||    22
 Stab: Sleeping          |    13 |     4 |    13 |     8 ||    38
       Confused          |       |       |     2 |    10 ||    12
  Eat: Chunk             |     4 |     6 |    12 |     8 ||    30
       Royal jelly       |       |     1 |       |       ||     1
       Fruit             |       |     4 |       |       ||     4
       Bread ration      |       |     1 |     2 |     3 ||     6
Armor: Robe              |     8 |    88 |    92 |    36 ||   224
       Skin              |       |       |       |     6 ||     6
Dodge: Dodged            |    32 |   296 |   332 |   138 ||   798
       Deflected         |       |       |     1 |     3 ||     4
Block: Buckler           |       |       |       |     4 ||     4
